 Dungeon Crawl Stone Soup version 0.21.1-1-g345015fe64 (webtiles) character file.

5 Gargoyl the Skirmisher (level 1, -7/19 HPs)
             Began as a Centaur Abyssal Knight on June 6, 2018.
             Was a Follower of Lugonu.
             Mangled by a spatial vortex (15 damage)
             ... summoned by a spatial maelstrom
             ... on level 1 of the Abyss.
             The game lasted 00:00:34 (174 turns).

Gargoyl the Skirmisher (Centaur Abyssal Knight)      Turns: 174, Time: 00:00:34

Health: -7/19      AC:  4    Str: 14      XL:     1   Next: 66%
Magic:  2/2        EV:  9    Int: 10 (11) God:    Lugonu [*.....]
Gold:   29         SH:  0    Dex:  4      Spells: 0/0 levels left

rFire    . . .     SeeInvis .   a - +1 hand axe
rCold    . . .     Gourm    .   (no shield)
rNeg     . . .     Faith    .   b - +0 leather armour
rPois    .         Spirit   .   (no helmet)
rElec    .         Reflect  .   (no cloak)
rCorr    .         Harm     .   (no gloves)
MR       .....                  (no barding)
Stlth    ..........             (no amulet)
HPRegen  0.06/turn              (no ring)
MPRegen  0.08/turn              (no ring)

@: very slightly contaminated, invisible (expiring), very quick
A: large, hooves 3, [clumsy 2], deformed body, [deterioration 2], speed 2,
[screaming 2], tough skin 3
a: Depart the Abyss, Renounce Religion


You were on level 1 of the Abyss.
You worshipped Lugonu.
Lugonu was aware of your devotion.
You were not hungry.

You visited 0 branches of the dungeon, and saw 0 of its levels.
You visited the Abyss 1 time.

You collected 29 gold pieces.

Inventory:

Hand Weapons
 a - a +1 hand axe (weapon)
Armour
 b - a +0 leather armour (worn)
Potions
 d - a potion of invisibility
Comestibles
 c - a ration


   Skills:
 + Level 3.2 Fighting
 + Level 1.8 Axes
 + Level 1.4 Armour
 + Level 0.6 Dodging
 + Level 2.0 Invocations


You couldn't memorise any spells.
You didn't know any spells.

Dungeon Overview and Level Annotations

Branches:
Dungeon (0/15)

Altars:


Innate Abilities, Weirdness & Mutations

You have hooves in place of feet.
Armour fits poorly on your strangely shaped body.
You cover ground very quickly.
You have extremely tough skin. (AC +3)
[You are very clumsy. (Dex -4)]
[Your body often deteriorates upon taking damage.]
[You sometimes yell uncontrollably at your foes.]


Message History

A spatial vortex comes into view.
Unknown command.
You closely miss the vampire mosquito.
The vampire mosquito bites you but does no damage.
The wretched star pulses with an eldritch light!
You feel clumsy. x2
The vampire mosquito bites you.
The vampire mosquito draws strength from your injuries!
A spatial vortex comes into view.
You hit the vampire mosquito. Your kick misses the vampire mosquito.
The vampire mosquito is lightly damaged.
The vampire mosquito disappears in a puff of smoke!
The spatial vortex misses you.
Unknown command.
You hit the spatial vortex.
The spatial vortex is lightly damaged.
The vampire mosquito buzzes angrily.
The spatial vortex hits you. Space warps horribly around you!
Ouch! That really hurt!
You die...

. ## #.
.#.#.#. .. ##
......#. #..
. #.y..v....#
.# #....v.#..
..#
..##..v###
#v#.#.##.#v@#
#
...v...#*###
## ........#
## .### ##
#...# #.# #
##.## #.# .
#x # ## #..#
# #..#


You could see a spatial maelstrom, a wretched star, 3 spatial vortices and a
vampire mosquito (wandering).

Vanquished Creatures
  An ufetubus (Abyss:1)
1 creature vanquished.

Notes
Turn   | Place    | Note
-------+----------+-------------------------------------------
     0 | Abyss:1  | Gargoyl the Centaur Abyssal Knight began the quest for the Orb.
     0 | Abyss:1  | Reached XP level 1. HP: 19/19 MP: 2/2
   113 | Abyss:1  | Noticed a wretched star
   115 | Abyss:1  | Noticed a worldbinder
   116 | Abyss:1  | Noticed a swamp drake
   123 | Abyss:1  | Noticed a large abomination
   152 | Abyss:1  | Noticed a spatial vortex
   153 | Abyss:1  | Noticed a spatial vortex
   154 | Abyss:1  | Noticed a spatial vortex
   155 | Abyss:1  | Noticed an insubstantial wisp
   155 | Abyss:1  | Noticed a swamp drake
   156 | Abyss:1  | Noticed a vampire mosquito
   158 | Abyss:1  | Noticed a spatial vortex
   159 | Abyss:1  | Noticed a small abomination
   162 | Abyss:1  | Noticed a spatial maelstrom
   162 | Abyss:1  | Noticed a spatial vortex
   162 | Abyss:1  | Noticed a spatial vortex
   162 | Abyss:1  | Noticed a spatial vortex
   162 | Abyss:1  | Noticed a spatial vortex
   165 | Abyss:1  | Noticed a spatial vortex
   166 | Abyss:1  | Noticed a spatial vortex
   168 | Abyss:1  | Noticed a vampire mosquito
   168 | Abyss:1  | Noticed a vampire mosquito
   168 | Abyss:1  | Noticed a vampire mosquito
   170 | Abyss:1  | Noticed a spatial vortex
   172 | Abyss:1  | Noticed a spatial vortex
   173 | Abyss:1  | Noticed a spatial vortex
   174 | Abyss:1  | Mangled by a spatial vortex

Action                   || total
-------------------------++-------
Melee: Hand axe          ||     5
       Kick              ||     1
  Use: Potion            ||     1
Armor: Leather armour    ||     1
Dodge: Dodged            ||     2
